 Dungeon Crawl Stone Soup version 0.30.0-17-ge0270778cf (webtiles) character file.

Game seed: 11410757957260164979

465 Cheops the Cutter (level 6, -1/48 HPs)
             Began as an Armataur Earth Elementalist on May 22, 2023.
             Slain by Dowan
             ... wielding a +0 dagger
              (2 damage)
             ... on level 4 of the Dungeon.
             The game lasted 00:09:56 (4237 turns).

Cheops the Cutter (Armataur Earth Elementalist)     Turns: 4237, Time: 00:09:56

Health: -1/48      AC:  4    Str: 13    XL:     6   Next: 80%
Magic:  3/8        EV:  9    Int: 17    God:
Gold:   196        SH:  0    Dex: 11    Spells: 5/8 levels left

rFire   . . .        a - +0 dagger (elec)
rCold   . . .        (no shield)
rNeg    . . .        m - +0 robe
rPois   .            (no helmet)
rElec   .            (no cloak)
rCorr   .            (no gloves)
SInv    .            (no barding)
Will    .....        (no amulet)
Stlth   ++           (no ring)
HPRegen 0.28/turn    (no ring)
MPRegen 0.11/turn

%: roll
@: no status effects
A: large, rugged brown scales 3, deformed body, armoured tail, roll, long
tongue, awkward tongue
a: no special abilities


You were on level 4 of the Dungeon.
You visited 1 branch of the dungeon, and saw 4 of its levels.

You collected 196 gold pieces.

Inventory:

Hand Weapons
 a - a +0 dagger of electrocution (weapon)
 b - a +0 rapier of protection
Armour
 m - a +0 robe (worn)
 s - a +3 plate armour of positive energy
Wands
 q - a wand of roots (9)
Scrolls
 e - 2 scrolls of teleportation
 h - 2 scrolls of enchant armour
Potions
 c - 2 potions of heal wounds
 d - a potion of flight {unknown}
 f - 3 potions of mutation {unknown}
 i - 2 potions of attraction {unknown}
 j - 2 potions of magic
 k - 2 potions of curing {unknown}
 l - 2 potions of might {unknown}
 n - a potion of invisibility {unknown}
 r - 2 potions of haste {unknown}


   Skills:
 - Level 5.0 Short Blades
 - Level 1.3 Dodging
 + Level 3.9 Stealth
 - Level 1.7 Spellcasting
 - Level 0.8 Transmutations
 - Level 4.0 Earth Magic


You had 5 spell levels left.
You knew the following spells:

 Your Spells              Type           Power      Damage    Failure   Level
a - Sandblast             Erth           30%        2d9       3%          1
b - Passwall              Tmut/Erth      7%         N/A       11%         2

Your spell library contained the following spells:

 Spells                   Type           Power      Damage    Failure   Level
 Necrotise                Necr           4%         1d4       21%         1
 Stone Arrow              Conj/Erth      16%        3d8       26%         3
 Cigotuvi's Dreadful Rot  Necr/Pois/Air  2%         N/A       30%         2
 Ignite Poison            Fire/Tmut/Pois 2%         N/A       47%         3
 Ozocubu's Armour         Ice            1%         N/A       52%         3
 Vampiric Draining        Necr           1%         2d6       52%         3
 Petrify                  Tmut/Erth      9%         N/A       58%         4
 Agony                    Necr           1%         N/A       99%         5
 Freezing Cloud           Conj/Ice/Air   0%         6-21      99%         5
 Ozocubu's Refrigeration  Ice            0%         4d7       100%        7


Dungeon Overview and Level Annotations

Branches:
Dungeon (4/15)
 Temple: D:4-7

Altars:
Vehumet
Zin

Shops:
D:2 [   D:3 =

Annotations:
D:4 1 transporter, Dowan; superbruh's ghost, amateur DsGl


Innate Abilities, Weirdness & Mutations

You are completely covered in rugged brown scales. (AC +3, +7% HP)
Armour fits poorly on your strangely shaped body.
You have a long armoured tail.
You roll when moving toward enemies. (Rampage)
Your long tongue fully drains potion bottles. (2x potion effects)
Your tongue gives you trouble enunciating. (1.5x scroll delay)


Message History

Duvessa is almost dead.
Duvessa hits you with a +0 short sword.
* * * LOW HITPOINT WARNING * * *
You hit Duvessa but do no damage. Lightning courses through Duvessa!
You kill Duvessa!
Dowan's eyes darken. "You have made a black mistake."
Dowan seems to find hidden reserves of power!
Your Stealth skill increases to level 3!
You barely miss Dowan. Dowan hits you with a +0 dagger.
* * * LOW HITPOINT WARNING * * *
You barely miss Dowan. Dowan hits you but does no damage.
You hit Dowan but do no damage. Lightning courses through Dowan!
Dowan is heavily wounded.
Dowan hits you but does no damage.
You hit Dowan.
Dowan is heavily wounded.
Dowan hits you with a +0 dagger.
* * * LOW HITPOINT WARNING * * *
You barely miss Dowan.
Your tail-slap misses Dowan.
Dowan is heavily wounded.
Dowan hits you but does no damage.
Dowan shakes with grief.
Dowan hits you with a +0 dagger.
* * * LOW HITPOINT WARNING * * *
You hit Dowan.
Dowan is severely wounded.
Dowan hits you with a +0 dagger.
* * * LOW HITPOINT WARNING * * *
You hit Dowan.
Dowan is severely wounded.
Dowan completely misses you.
You closely miss Dowan.
Dowan is severely wounded.
Dowan hits you with a +0 dagger.
* * * LOW HITPOINT WARNING * * *
You hit Dowan.
Dowan is severely wounded.
Dowan says, "Magic will overcome all!"
Dowan hits you with a +0 dagger.
You die...

#.#................
#....#.............
#####..#######+#.....
#...>..............##
#.###.............##
#.# #..#######.#..#
#.# #..........#..##
#.####.####...##...#
#.<.@e.# #..†##...#
######## #.......###
#...#...#..
#...##..##.
###...##...##
#.'....#....#
#.#....#...## ####
#....#.#...#. ...
####.#.#...##


You could see Dowan (fast).

Vanquished Creatures
  Sigmund (D:3)
  Duvessa (D:4)
  Natasha (thrice) (D:3)
  An orc wizard (D:3)
  3 gnolls (D:3)
  An adder (D:2)
  A dart slug (D:1)
  4 orcs
  3 ball pythons
  9 endoplasms
  3 giant cockroaches
  11 goblins
  6 hobgoblins
  5 kobolds
  A quokka (D:1)
  5 bats
  A frilled lizard (D:1)
  5 rats
64 creatures vanquished.

Notes
Turn   | Place    | Note
-------+----------+-------------------------------------------
     0 | D:1      | Cheops the Armataur Earth Elementalist began the quest for
                  | the Orb.
     0 | D:1      | Reached XP level 1. HP: 14/14 MP: 3/3
   209 | D:1      | Reached XP level 2. HP: 21/21 MP: 2/4
   791 | D:1      | Learned a level 2 spell: Passwall
   870 | D:2      | Reached XP level 3. HP: 27/27 MP: 2/5
  1223 | D:2      | Found Fiddamet's Antique Armour Emporium.
  1372 | D:2      | Reached skill level 1 in Short Blades
  1509 | D:2      | Found a glowing silver altar of Zin.
  1922 | D:3      | Noticed Natasha
  1925 | D:3      | Killed Natasha
  1926 | D:3      | Reached skill level 2 in Short Blades
  1926 | D:3      | Reached XP level 4. HP: 27/35 MP: 6/6
  2061 | D:3      | Found Mulyiwn's Jewellery Boutique.
  2113 | D:3      | Noticed Natasha
  2122 | D:3      | Killed Natasha
  2309 | D:3      | Noticed Natasha
  2314 | D:3      | Killed Natasha
  2315 | D:3      | Reached skill level 3 in Short Blades
  2315 | D:3      | Reached XP level 5. HP: 37/40 MP: 7/7
  2649 | D:3      | Noticed Sigmund
  2654 | D:3      | Killed Sigmund
  2655 | D:3      | Reached skill level 4 in Short Blades
  2655 | D:3      | Reached XP level 6. HP: 48/48 MP: 8/8
  2828 | D:3      | HP: 1/48 [gnoll/+0 club (7)]
  3114 | D:3      | Found a radiant altar of Vehumet.
  3142 | D:3      | Found a radiant altar of Vehumet.
  3245 | D:3      | Reached skill level 5 in Short Blades
  3522 | D:3      | Found Mulyiwn's Jewellery Boutique.
  4071 | D:4      | Found a transporter.
  4072 | D:4      | Noticed a small abomination
  4079 | D:4      | Noticed superbruh's ghost (amateur DsGl)
  4180 | D:4      | Noticed Dowan
  4181 | D:4      | Noticed Duvessa
  4213 | D:4      | HP: 2/48 [Duvessa/+0 short sword (9)]
  4228 | D:4      | Killed Duvessa
  4236 | D:4      | HP: 1/48 [Dowan/+0 dagger (6)]
  4237 | D:4      | Slain by Dowan

Illustrated notes

Levels and vault maps discovered:
D:1:      lightli_arrival_isolated_outpost, layout_rooms, nicolae_titane
D:2:      minmay_chambers_of_ones, layout_loops_ring, basic_altar, serial_shops,
          nicolae_shop_real_fake_doors, minmay_misc_feat_five,
          minmay_misc_feat_secret_circle, chequers_serial_rivers_marsh,
          grunt_ministairs_3, kennysheep_flooded_box
D:3:      layout_basic, marbit_many_paths, serial_shops, nicolae_shop_stone,
          uniq_natasha, uniq_sigmund
D:4:      layout_basic, gammafunk_ghost_abyssal_escape, uniq_duvessa

Skill      XL: |  1  2  3  4  5  6 |
---------------+-------------------+-----
Earth Magic    | 3 4 |  4.0
Short Blades   | 2 3 4 5 |  5.0
Stealth        | 3 |  3.9
Dodging        | |  1.3
Spellcasting   | |  1.7
Transmutations | |  0.8

Action                     |  1- 3 |  4- 6 || total
---------------------------+-------+-------++-------
  Melee: Unarmed           |    37 |       ||    37
         Dagger            |    68 |    87 ||   155
         Tailslap          |     6 |     6 ||    12
   Cast: Sandblast         |    26 |     7 ||    33
         Passwall          |       |     3 ||     3
    Use: Scroll            |       |     5 ||     5
         Potion            |       |     1 ||     1
   Stab: Sleeping          |     7 |     4 ||    11
 Armour: Robe              |    47 |    23 ||    70
  Dodge: Dodged            |    63 |    42 ||   105
